 Dungeon Crawl Stone Soup version 0.31-a0-472-g43a2ca8e1b (webtiles) character file.

Game seed: 8478650678114250336

41 Ethylacetat the Changeling (level 3, -2/24 HPs)
             Began as an Octopode Shapeshifter on Aug 6, 2023.
             Slain by a gnoll
             ... wielding a +0 spear
              (10 damage)
             ... on level 2 of the Dungeon.
             The game lasted 00:01:00 (878 turns).

Ethylacetat the Changeling (Octopode Shapeshifter)   Turns: 878, Time: 00:01:00

Health: -2/24      AC:  1    Str: 14    XL:     3   Next: 52%
Magic:  3/3        EV: 13    Int: 10    God:
Gold:   112        SH:  5    Dex: 14    Spells: 2/2 levels left

rFire   . . .        f - +2 dagger (elec)
rCold   . . .        (no shield)
rNeg    . . .        (helmet currently unavailable)
rPois   .            c - amulet of reflection
rElec   .            l - ring of flight
rCorr   .            (no ring)
SInv    .            (no ring)
Will    .....        (no ring)
Stlth   ++           (no ring)
HPRegen 0.24/turn    (no ring)
MPRegen 0.08/turn    (no ring)
                     (no ring)

%: reflection
@: beast-form, flying
A: beast (slay +2), almost no armour, amphibious, 8 rings, camouflage 1,
gelatinous body 1, (nimble swimmer 1), tentacles
a: Begin Untransformation


You were on level 2 of the Dungeon.
You were a hulking beast.
You visited 1 branch of the dungeon, and saw 2 of its levels.

You collected 112 gold pieces.

Inventory:

Hand Weapons
 f - a +2 dagger of electrocution (weapon)
Jewellery
 c - an amulet of reflection (around mantle)
 l - a ring of flight (left tentacle)
Talismans
 b - a beast talisman (active)
Scrolls
 d - 2 scrolls of revelation {unknown}
 h - a scroll of immolation {unknown}
 j - 2 scrolls of vulnerability {unknown}
 m - a scroll of enchant weapon {unknown}
 n - a scroll of fear {unknown}
 o - 2 scrolls of identify {unknown}
Potions
 a - a potion of lignification
 e - a potion of resistance {unknown}
 g - a potion of enlightenment {unknown}
 i - a potion of invisibility {unknown}
 k - a potion of degeneration {unknown}


   Skills:
 + Level 1.7 Fighting
 - Level 2.0 Dodging
 + Level 3.3 Unarmed Combat
 * Level 3.5 Shapeshifting


You had 2 spell levels left.
You didn't know any spells.
Your spell library contained the following spells:

 Spells                   Type           Power      Damage    Failure   Level
 Dazzling Flash           Conj/Hex       0%         N/A       75%         3
 Agony                    Necr           0%         N/A       100%        5
 Silence                  Hex/Air        0%         N/A       100%        5


Dungeon Overview and Level Annotations

Branches:
Dungeon (2/15)

Altars:


Innate Abilities, Weirdness & Mutations

You are a hulking beast.
Your limbs bulge with bestial killing power. (Slay +2)
You cannot wear most types of armour.
You are amphibious.
You can wear up to eight rings at the same time.
Your skin changes colour to match your surroundings (Stealth+).
Your rubbery body absorbs attacks. (AC +1, EV +1)
((You are camouflaged when in or above water. (Stealth+)))
You have tentacles for arms and can constrict up to eight enemies at once.


Message History

You now have 105 gold pieces (gained 12).
You see here a worm corpse.
j - 2 scrolls labelled GOHUJA OBASOSE (gained 1)
You now have 112 gold pieces (gained 7).
You see here a +0 spear.
Found a faintly humming leather armour.
A bat comes into view.
The bat moves out of view.
No target in view!
A gnoll comes into view. It is wielding a +0 spear.
The gnoll shouts!
A gnoll comes into view. It is wielding a +0 whip.
The bat closely misses you.
You see here a dark potion.
There are monsters nearby!
The gnoll shouts!
You hit the bat. You grab the bat.
The bat is heavily wounded.
You constrict the bat.
You hear a shout!
The bat hits you.
The bat struggles to escape constriction.
The bat escapes!
The bat hits you but does no damage.
A gnoll comes into view. It is wielding a +0 spear.
Found 9 gold pieces.
The bat misses you. The gnoll hits you with a +0 spear.
You puncture the bat!
You kill the bat!
You block the gnoll's attack.
You hit the gnoll but do no damage. You grab the gnoll.
You constrict the gnoll. The gnoll hits you with a +0 whip!
The gnoll hits you but does no damage.
You are too injured to fight recklessly!
You are too injured to fight recklessly!
You hit the gnoll. You grab the gnoll.
The gnoll is lightly wounded.
You constrict the gnoll.
You constrict the gnoll, but do no damage.
The gnoll hits you with a +0 whip. The gnoll hits you with a +0 spear!
You die...

# .........## ##### .. .........
..... #.. ....... ##. ..
...##.....### #. #.
.....##.....#g#...### ###.##.
#........$........... .......
.........#...[g#..#### ##.....
......?....####gh........#####.#.
.............#..†....###..####.#.
...........#..!###...####.##.....
...........#....##...#...........
.............##....<.............
...........### ###.......##......
...........# #......†....####
#.....#.# ##......##### #
##(..##.########......# #


You could see 3 gnolls.

Vanquished Creatures
  An adder (D:2)
  A worm (D:2)
  3 ball pythons
  5 bats
  3 endoplasms (D:2)
  2 goblins (D:1)
  5 hobgoblins
  2 kobolds
  A quokka (D:2)
  2 frilled lizards
  2 rats (D:2)
27 creatures vanquished.

Notes
Turn   | Place    | Note
-------+----------+-------------------------------------------
     0 | D:1      | Ethylacetat the Octopode Shapeshifter began the quest for
                  | the Orb.
     0 | D:1      | Reached XP level 1. HP: 13/13 MP: 1/1
   144 | D:1      | Reached XP level 2. HP: 18/18 MP: 2/2
   700 | D:2      | Reached XP level 3. HP: 19/23 MP: 3/3
   878 | D:2      | Slain by a gnoll

Illustrated notes

Levels and vault maps discovered:
D:1:      evilmike_arrival_crescent, layout_loops_ring
D:2:      layout_rooms, bh_walls_and_bars

Action                     || total
---------------------------++-------
  Melee: Dagger            ||    44
         Unarmed           ||     6
         Constrict         ||    12
         Tentacles         ||     6
         Punch             ||     1
   Stab: Sleeping          ||     5
 Armour: Skin              ||     7
  Dodge: Dodged            ||    26
  Block: Other             ||     9

Table legend: (Time is in decaauts)
 A = Elapsed time spent in this place.
 B = Non-inter-level travel time spent in this place.
 C = Inter-level travel time spent in this place.
 D = Time resting spent in this place.
 E = Time spent auto-exploring this place.
 F = Levels seen in this place.
 G = Mean time per level.
                   A        B        C        D        E       F      G
               +--------+--------+--------+--------+--------+-----+--------+
         Total |    876 |    851 |     25 |      0 |    688 |   2 |  438.0 |
       Dungeon |    876 |    851 |     25 |      0 |    688 |   2 |  438.0 |
               +--------+--------+--------+--------+--------+-----+--------+

Top non-repeatable levels by time:
     D:1: 567 daAuts
     D:2: 309 daAuts
